 Dungeon Crawl Stone Soup version 0.30.1-1-g62c8e00024 (webtiles) character file.

Game seed: 5444412607667965229

418 Elmgren the Skirmisher (level 6, -7/30 HPs)
             Began as a Spriggan Hunter on July 15, 2023.
             Mangled by a water moccasin (19 damage)
             ... on level 4 of the Dungeon.
             The game lasted 00:14:19 (3894 turns).

Elmgren the Skirmisher (Spriggan Hunter)            Turns: 3894, Time: 00:14:19

Health: -7/30      AC:  3    Str:  7    XL:     6   Next: 61%
Magic:  7/7        EV:  4    Int: 11    God:
Gold:   261        SH:  0    Dex: 20    Spells: 5/5 levels left

rFire   . . .        a - +1 shortbow
rCold   . . .        (shield currently unavailable)
rNeg    . . .        c - +0 robe
rPois   .            (helmet restricted)
rElec   .            d - +0 cloak
rCorr   .            (gloves unavailable)
SInv    +            (boots unavailable)
Will    +....        (no amulet)
Stlth   ++           (no ring)
HPRegen 0.25/turn    (no ring)
MPRegen 0.10/turn

%: no passive effects
@: lethally poisoned (-7 -> -10), sleeping, very quick
A: very small, no large weapons, unfitting armour, see invisible, speed 3
a: no special abilities


You were on level 4 of the Dungeon.
You visited 2 branches of the dungeon, and saw 6 of its levels.

You collected 261 gold pieces.

Inventory:

Hand Weapons
 a - a +1 shortbow (weapon)
Armour
 c - a +0 robe (worn)
 d - a +0 cloak (worn)
Magical Staves
 o - a staff of conjuration
Jewellery
 j - a +6 ring of intelligence
 m - a ring of resist corrosion
Wands
 q - a wand of paralysis (3)
Scrolls
 b - a scroll of immolation
 i - a scroll of enchant weapon
 n - 3 scrolls of noise
Potions
 e - 2 potions of heal wounds
 f - a potion of brilliance {unknown}
 g - 2 potions of ambrosia
 h - a potion of haste {unknown}
 k - 2 potions of mutation
 l - 4 potions of curing
 p - a potion of lignification {unknown}


   Skills:
 - Level 1.5 Fighting
 + Level 8.0 Ranged Weapons
 - Level 2.6 Dodging
 - Level 1.5 Stealth


You had 5 spell levels left.
You didn't know any spells.
Your spell library contained the following spells:

 Spells                   Type           Power      Damage    Failure   Level
 Beastly Appendage        Tmut           0%         N/A       34%         1
 Cigotuvi's Dreadful Rot  Necr/Pois/Air  0%         N/A       47%         2
 Wereblood                Tmut           0%         N/A       47%         2
 Ignite Poison            Fire/Tmut/Pois 0%         N/A       71%         3
 Spider Form              Tmut/Pois      0%         N/A       71%         3
 Freezing Cloud           Conj/Ice/Air   0%         6-21      100%        5


Dungeon Overview and Level Annotations

Branches:
Dungeon (5/15) Zot: 26865  Temple (1/1) D:4 Zot: 5914

Altars:
Ashenzari
Fedhas
Gozag
Kikubaaqudgha
Makhleb
Nemelex Xobeh
Qazlal
Ru
Uskayaw
Vehumet
Wu Jian
Zin
The Shining One

Shops:
D:1 *[!*   D:2 !   D:3 [   D:5 !


Innate Abilities, Weirdness & Mutations

You are very small and have problems with some larger weapons.
You are too small for most types of armour.
You have supernaturally acute eyesight. (SInv)
You cover ground extremely quickly. (Speed+++)


Message History

You shoot an arrow. The hobgoblin shouts!
The arrow hits the hobgoblin!
You kill the hobgoblin!
You start resting.
Health restored: 30 You see here 7 stones.
Things that are here:
a +0 giant club; an ogre corpse
There is a stone staircase leading down here.
You climb downwards.
There is a stone staircase leading up, spattered with blood here.
You shoot an arrow. The arrow hits the sleepcap.
A water moccasin comes into view.
The sleepcap closely misses you. The water moccasin closely misses you.
Okay, then.
Okay, then.
Okay, then.
The water moccasin bites you!
You are poisoned.
The water moccasin poisons you! The sleepcap barely misses you.
You climb upwards.
You feel very sick.
There is a stone staircase leading down here.
You take 11 damage, and have 19/30 hp.
MASSIVE DAMAGE!!
Aiming: Paralyse
Press: ? - help, Shift-Dir - straight line, f - water moccasin
Aim: a water moccasin (chance to affect: 49%)
The water moccasin resists with some effort.
You feel sick. The water moccasin barely misses you.
The sleepcap closely misses you.
The water moccasin bites you but does no damage.
You take 2 damage, and have 17/30 hp.
You feel sick. The sleepcap releases spores at you.
* * * LOW HITPOINT WARNING * * *
You are engulfed in a cloud of soporific spores!
You fall asleep.
You feel sick. The water moccasin bites you!!
Ouch! That really hurt!
You die...

#.......##.........#.#####
....###.##.........#.....#
..#.# #.##.........#####.#
#######............#.....#
...#......8.8....###.#####
##.#.#..................#
...#....8.....8.#.#.###.#
...#._............#.# #.#
.###....8.....8.@S..# #.#
.# #.#..........f.### #.#
.# #......8.8...#.#####.#
## ####.........#.......#
#...##.#....##########
######.####.# #....#.#
###.##.# #.##.#


You could see a water moccasin and a sleepcap.

Vanquished Creatures
  A black bear (D:4)
  An ogre (D:4)
  A scorpion (D:4)
  A hound (D:4)
  A sleepcap (D:4)
  3 adders
  A worm (D:2)
  7 dart slugs
  9 orcs (D:3)
  7 ball pythons
  3 bats
  6 endoplasms
  3 giant cockroaches
  6 goblins
  7 hobgoblins
  2 quokkas
  3 frilled lizards
  5 kobolds
  9 rats
76 creatures vanquished.

Notes
Turn   | Place    | Note
-------+----------+-------------------------------------------
     0 | D:1      | Elmgren the Spriggan Hunter began the quest for the Orb.
     0 | D:1      | Reached XP level 1. HP: 10/10 MP: 2/2
    13 | D:1      | Found Qalaoz's General Store.
   316 | D:1      | Reached XP level 2. HP: 13/14 MP: 3/3
   339 | D:1      | Found Vilosum's Book Shop.
   535 | D:1      | Found Cetur's Distillery.
   675 | D:1      | Found Xaytzath's Assorted Antiques.
   731 | D:1      | Reached skill level 5 in Ranged Weapons
   757 | D:1      | Found Roxig's Antique Armour Shop.
   898 | D:2      | Reached XP level 3. HP: 18/18 MP: 4/4
   926 | D:2      | Found Dyruacsu's Distillery.
  1156 | D:2      | Identified the +7 trident "Dohyask" {venom, rF- Int+4}
  1423 | D:2      | Reached XP level 4. HP: 22/22 MP: 5/5
  1942 | D:3      | Found an ornate altar of the Wu Jian Council.
  2241 | D:3      | Reached skill level 6 in Ranged Weapons
  2416 | D:3      | Found Etakes's Armour Boutique.
  2487 | D:3      | Found a faded altar of an unknown god.
  2894 | D:4      | Found a staircase to the Ecumenical Temple.
  2908 | Temple   | Entered the Ecumenical Temple
  3124 | D:4      | Reached XP level 5. HP: 25/25 MP: 6/6
  3206 | D:4      | Found a hide-covered altar of Uskayaw.
  3311 | D:4      | Noticed a black bear
  3364 | D:4      | Killed a black bear
  3365 | D:4      | Reached skill level 7 in Ranged Weapons
  3365 | D:4      | Reached XP level 6. HP: 30/30 MP: 7/7
  3640 | D:4      | Found a broken altar of Ashenzari.
  3640 | D:4      | Found a glowing golden altar of the Shining One.
  3640 | D:4      | Found an opulent altar of Gozag.
  3734 | D:5      | Entered Level 5 of the Dungeon
  3734 | D:5      | Found Yhahokuk's Distillery.
  3785 | D:4      | Reached skill level 8 in Ranged Weapons
  3889 | D:5      | Noticed a water moccasin
  3894 | D:4      | Mangled by a water moccasin

Illustrated notes

Levels and vault maps discovered:
D:1:      minmay_arrival_doors, layout_basic, serial_shops,
          nicolae_shop_overgrown_old_shop, nicolae_shop_window_shopping,
          nicolae_shop_tiny_real_fake_doors, shop, shop, minivault_23,
          minmay_ruptured
D:2:      layout_loops_ring, serial_shops, nicolae_shop_crystal,
          serial_bayou_pond_b, st_stairs_14, minmay_pentomino_v2
D:3:      layout_basic, mainiacjoe_overflow_small_starburst,
          hellmonk_ecumenical_altar_leap_of_faith, serial_shops, shop
D:4:      layout_basic, nicolae_uskayaw_dance_hall,
          gammafunk_temple_overflow_claw, temple_fountains
D:5:      layout_basic, mainiacjoe_overflow_24_doors,
          hellmonk_ghost_happy_afterlife, serial_shops, nicolae_lakefront_shop,
          nicolae_shop_stone, nicolae_shop_statue_plus, kennysheep_mini,
          kennysheep_generic_room_11
Temple:   hellmonk_temple_of_storms

Skill      XL: |  1  2  3  4  5  6 |
---------------+-------------------+-----
Ranged Weapons | 5 6 7 8 |  8.0
Fighting       | |  1.5
Dodging        | |  2.6
Stealth        | |  1.5

Action                     |  1- 3 |  4- 6 || total
---------------------------+-------+-------++-------
   Fire: Shortbow          |   116 |   101 ||   217
  Evoke: Wand              |       |     1 ||     1
    Use: Scroll            |       |     7 ||     7
 Armour: Robe              |     6 |     1 ||     7
  Dodge: Dodged            |    34 |    23 ||    57
